 Dungeon Crawl Stone Soup version 0.30-a0-347-gf58ed5266c (webtiles) character file.

Game seed: 4991674541311350347

12256 HoaS the Markskobold (level 12, -8/77 HPs)
             Began as a Kobold Hunter on Nov 5, 2022.
             Was the Champion of Okawaru.
             Mangled by a two-headed ogre
             ... wielding a +0 giant club
              (13 damage)
             ... on level 11 of the Dungeon.
             The game lasted 00:26:13 (10804 turns).

HoaS the Markskobold (Kobold Hunter)               Turns: 10804, Time: 00:26:13

Health: -8/77      AC: -2    Str:  9    XL:     12   Next: 17%
Magic:  0/17       EV: 24    Int: 11    God:    Okawaru [******]
Gold:   1579       SH:  0    Dex: 25    Spells: 11/11 levels left

rFire   . . .      SeeInvis .    a - +2 shortbow (elec)
rCold   . . .      Faith    .    (shield currently unavailable)
rNeg    . . .      Spirit   +    B - +9 ring mail of the Evil One {Rampage rElec rPois Dex-3}
rPois   +          Reflect  .    h - +1 helmet
rElec   +          Harm     .    (no cloak)
rCorr   .          Rampage  +    (no gloves)
Will    .....                    A - +0 pair of boots
Stlth   +++.......               z - amulet of guardian spirit
HPRegen 0.32/turn                x - +6 ring of dexterity
MPRegen 0.15/turn                c - +4 ring of evasion

@: about to teleport, corroded
A: small, no large weapons, nightstalker 3
a: Renounce Religion, Heroism, Finesse, Duel


You were on level 11 of the Dungeon.
You worshipped Okawaru.
Okawaru was exalted by your worship.
You visited 2 branches of the dungeon, and saw 12 of its levels.
You also visited: Ossuary and Bailey.

You collected 1691 gold pieces.
You spent 112 gold pieces at shops.

Inventory:

Hand Weapons
 a - a +2 shortbow of electrocution (weapon)
 I - a +4 arbalest of flaming
Armour
 h - a +1 helmet (worn)
 A - a +0 pair of boots (worn)
 B - the +9 ring mail of the Evil One (worn) {Rampage rElec rPois Dex-3}
   (You took it off a kobold in a bailey)

   Dex:       It affects your dexterity (-3).
   rElec:     It insulates you from electricity.
   rPois:     It protects you from poison.
   Rampage:   It bestows one free step when moving towards enemies.
Jewellery
 c - a +4 ring of evasion (right hand)
 e - a ring of poison resistance
 f - a ring of ice
 s - a +4 ring of protection
 w - a ring of resist corrosion
 x - a +6 ring of dexterity (left hand)
 z - an amulet of guardian spirit (around neck)
Wands
 m - a wand of acid (9)
 o - a wand of mindburst (7)
 D - a wand of flame (24)
 F - a wand of roots (4)
Scrolls
 b - 5 scrolls of immolation
 q - a scroll of brand weapon
 u - a scroll of noise
 y - a scroll of poison
 E - a scroll of magic mapping
Potions
 d - a potion of cancellation
 g - 2 potions of flight
 i - 2 potions of mutation
 k - 9 potions of curing
 l - 3 potions of lignification
 n - a potion of might
 p - 2 potions of attraction
 r - a potion of heal wounds
 t - a potion of invisibility {unknown}
 v - a potion of magic {unknown}
Miscellaneous
 C - a piece from Xom's chessboard (15/15)


   Skills:
 * Level 9.7 Fighting
 - Level 16.0 Ranged Weapons
 + Level 3.0 Armour
 * Level 10.6 Dodging
 - Level 1.3 Stealth
 + Level 7.3 Invocations


You had 11 spell levels left.
You didn't know any spells.
Your spell library contained the following spells:

 Spells                   Type           Power      Damage    Failure   Level
 Beastly Appendage        Tmut           0%         N/A       67%         1
 Slow                     Hex            0%         N/A       67%         1
 Blink                    Tloc           0%         N/A       80%         2
 Cigotuvi's Dreadful Rot  Necr/Pois/Air  0%         N/A       80%         2
 Momentum Strike          Conj/Tloc      0%         3d8       80%         2
 Sublimation of Blood     Necr           0%         N/A       80%         2
 Wereblood                Tmut           0%         N/A       80%         2
 Confusing Touch          Hex            0%         N/A       95%         3
 Dazzling Flash           Conj/Hex       0%         N/A       95%         3
 Frozen Ramparts          Ice            0%         1d1       95%         3
 Lesser Beckoning         Tloc           0%         N/A       95%         3
 Spider Form              Tmut/Pois      0%         N/A       95%         3
 Vampiric Draining        Necr           0%         2d6       95%         3
 Dispel Undead            Necr           0%         3d6       100%        4
 Ice Form                 Ice/Tmut       0%         N/A       100%        4
 Petrify                  Tmut/Erth      0%         N/A       100%        4
 Agony                    Necr           0%         N/A       100%        5
 Irradiate                Conj/Tmut      0%         3d11      100%        5
 Silence                  Hex/Air        0%         N/A       100%        5
 Orb of Destruction       Conj           0%         9d5       100%        7
 Summon Guardian Golem    Hex/Summ       Unusable   N/A       N/A         3
 Summon Ice Beast         Ice/Summ       Unusable   N/A       N/A         4
 Death Channel            Necr           Unusable   N/A       N/A         6
 Spellforged Servitor     Conj/Summ      Unusable   N/A       N/A         7

Dungeon Overview and Level Annotations

Branches:
Dungeon (11/15)            Temple (1/1) D:4         Ossuary (visited)
 Bailey (visited)
   Lair: D:8-11         Orc: D:9-12

Altars:
Ashenzari
Cheibriados
Dithmenos
Elyvilon
Fedhas
Gozag
Hepliaklqana
Kikubaaqudgha
Makhleb
Nemelex Xobeh
Okawaru
Qazlal
Ru
Sif Muna
Trog
Uskayaw
Vehumet
Wu Jian
Xom
Yredelemnul
Zin
The Shining One

Shops:
D:7 *


Innate Abilities, Weirdness & Mutations

You are small and have problems with some larger weapons.
You are completely attuned to the shadows.


Message History

The two-headed ogre shouts in stereo!
The ogre mage shouts!
The acid dragon completely misses you. The acid dragon misses you.
The ogre mage casts a spell at you. The bolt of magma misses you.
The two-headed ogre completely misses you.
The two-headed ogre closely misses you.
An ogre comes into view. It is wielding a +0 giant club.
You shoot an arrow.
The arrow barely misses the two-headed ogre.
The ogre shouts!
You shoot an arrow.
The arrow hits the two-headed ogre but does no damage.
You hear two shouts!
The acid dragon closely misses you. The acid dragon claws you.
A two-headed ogre comes into view.
It is wielding a +0 dire flail and a +0 giant club.
The two-headed ogre completely misses you.
The two-headed ogre misses you. The two-headed ogre barely misses you.
The two-headed ogre closely misses you.
The ogre mage casts a spell.
The ogre mage flickers and vanishes!
Deactivating autopickup; reactivate with Ctrl-A.
The two-headed ogre misses you.
The two-headed ogre completely misses you.
As you read the scroll of teleportation, it crumbles to dust.
You feel strangely unstable. The acid dragon barely misses you.
The acid dragon claws you. Something barely misses you.
The two-headed ogre closely misses you.
The two-headed ogre hits you with a +0 giant club!!
The two-headed ogre completely misses you. x2
You are too injured to fight recklessly!
You are too injured to fight recklessly!
You are too injured to fight recklessly!
You shoot an arrow.
The arrow hits the acid dragon but does no damage.
The acid dragon bites you! The acid dragon claws you.
The ogre closely misses you.
The two-headed ogre hits you with a +0 giant club!!
* * * LOW HITPOINT WARNING * * *
The two-headed ogre hits you with a +0 dire flail!
You die...

#####
##O.O#.
#.@O{/.
#.DOO...
#...O...
#.......
.
##.....(
# #


You could see 4 two-headed ogres, an acid dragon and 2 ogres.

Vanquished Creatures
  3 two-headed ogres
  Urug (D:10)
  Nergalle (D:10)
  An orc knight (Bailey)
  A komodo dragon (D:11)
  3 trolls
  Grinder (D:3)
  A vampire (D:10)
  4 wyverns
  2 shadows (D:10)
  15 yaks
  2 acid dragons
  2 water moccasins
  8 orc warriors
  A sky beast (D:7)
  4 black bears
  3 ogres
  A centaur (D:9)
  A phantom (D:5)
  An elf zombie (Ossuary)
  5 bullfrogs
  7 kobold brigands
  A necrophage (D:7)
  2 scorpions
  5 wights (D:9)
  3 killer bees (D:9)
  6 howler monkeys
  3 electric eels (D:10)
  4 orc priests
  A gnoll bouda (D:7)
  5 hounds
  10 orc wizards
  2 iguanas
  A hound zombie (Ossuary)
  4 mummies (Ossuary)
  Robin (D:2)
  6 adders
  6 gnolls
  A white imp (D:8)
  An adder zombie (Ossuary)
  A worm (D:3)
  5 dart slugs
  23 orcs
  9 bats
  7 endoplasms
  A gnoll zombie (Ossuary)
  19 goblins
  6 hobgoblins
  4 jackals (D:5)
  5 quokkas
  8 ball pythons
  5 frilled lizards
  A goblin zombie (Ossuary)
  A hobgoblin zombie (Ossuary)
  3 jackal zombies (Ossuary)
  16 kobolds
  A kobold zombie (Ossuary)
  An orc zombie (Ossuary)
  9 rats
  A rat zombie (Ossuary)
256 creatures vanquished.

Vanquished Creatures (others)
  44 fungi (D:11)
  46 plants (D:11)
90 creatures vanquished.

Grand Total: 346 creatures vanquished

Notes
Turn   | Place    | Note
-------+----------+-------------------------------------------
     0 | D:1      | HoaS the Kobold Hunter began the quest for the Orb.
     0 | D:1      | Reached XP level 1. HP: 12/12 MP: 1/1
   194 | D:1      | Reached XP level 2. HP: 15/17 MP: 2/2
   267 | D:1      | Reached skill level 6 in Ranged Weapons
   427 | D:1      | Reached XP level 3. HP: 21/21 MP: 3/3
   570 | D:1      | You fall into a shaft and drop 1 floor!
  1088 | D:2      | Reached skill level 7 in Ranged Weapons
  1088 | D:2      | Reached XP level 4. HP: 23/26 MP: 4/4
  1144 | D:2      | Noticed Robin
  1758 | D:2      | Killed Robin
  1819 | D:2      | Reached XP level 5. HP: 30/30 MP: 5/5
  2162 | D:3      | Reached skill level 8 in Ranged Weapons
  2232 | D:3      | Noticed Grinder
  2247 | D:3      | Killed Grinder
  2248 | D:3      | Reached skill level 9 in Ranged Weapons
  2248 | D:3      | Reached XP level 6. HP: 28/35 MP: 6/6
  2375 | D:3      | Found a faded altar of an unknown god.
  2572 | D:3      | Reached skill level 10 in Ranged Weapons
  3013 | D:4      | Reached XP level 7. HP: 38/40 MP: 7/7
  3022 | D:4      | Found a staircase to the Ecumenical Temple.
  3030 | Temple   | Entered the Ecumenical Temple
  3100 | Temple   | Became a worshipper of Warmaster Okawaru
  4219 | D:5      | Entered Level 5 of the Dungeon
  4238 | D:5      | Reached skill level 1 in Invocations
  4254 | D:5      | Identified a scroll of acquirement
  4254 | D:5      | Acquired 721 gold pieces
  4396 | D:5      | Found a sand-covered staircase.
  4461 | D:5      | Reached skill level 11 in Ranged Weapons
  4481 | Ossuary  | Entered an ossuary
  4528 | Ossuary  | Reached * piety under Okawaru
  4657 | Ossuary  | Reached XP level 8. HP: 44/44 MP: 8/10
  5249 | D:5      | Reached skill level 12 in Ranged Weapons
  5521 | D:5      | Found a glowing silver altar of Zin.
  5521 | D:5      | Found a glowing golden altar of the Shining One.
  5521 | D:5      | Found a white marble altar of Elyvilon.
  5774 | D:6      | Reached skill level 13 in Ranged Weapons
  5994 | D:6      | Reached ** piety under Okawaru
  5995 | D:6      | Reached XP level 9. HP: 48/48 MP: 11/11
  6095 | D:6      | Reached skill level 14 in Ranged Weapons
  6531 | D:7      | Reached skill level 15 in Ranged Weapons
  6872 | D:7      | Found Giofocvoloq's General Store.
  6877 | D:7      | Bought a scroll of enchant weapon for 112 gold pieces
  7260 | D:8      | Reached skill level 16 in Ranged Weapons
  7356 | D:8      | Reached *** piety under Okawaru
  7458 | D:8      | Found a bloodstained altar of Trog.
  7567 | D:8      | Found a shimmering blue altar of Sif Muna.
  7575 | D:8      | Found a broken altar of Ashenzari.
  7580 | D:8      | Found a hide-covered altar of Uskayaw.
  7595 | D:8      | Noticed a two-headed ogre
  7607 | D:8      | Killed a two-headed ogre
  7608 | D:8      | Reached XP level 10. HP: 40/58 MP: 6/13
  7625 | D:8      | Reached skill level 5 in Dodging
  7632 | D:8      | Found a flagged portal.
  7639 | Bailey   | Entered a bailey
  7777 | Bailey   | Reached skill level 5 in Fighting
  7820 | Bailey   | Identified the +9 ring mail of the Evil One {Rampage rElec
                  | rPois Dex-3}
  7945 | Bailey   | Noticed an orc knight
  7957 | Bailey   | Killed an orc knight
  8066 | Bailey   | Reached **** piety under Okawaru
  8113 | Bailey   | Found a bloodstained altar of Trog.
  8319 | D:8      | Received a gift from Okawaru
  8320 | D:8      | Reached skill level 5 in Invocations
  8629 | D:9      | Reached XP level 11. HP: 60/67 MP: 13/15
  8797 | D:9      | Reached ***** piety under Okawaru
  8797 | D:9      | Received a gift from Okawaru
  8927 | D:9      | Reached skill level 1 in Armour
  9036 | D:9      | Noticed a two-headed ogre
  9047 | D:9      | Killed a two-headed ogre
  9560 | D:10     | Entered Level 10 of the Dungeon
 10133 | D:10     | Noticed Urug
 10150 | D:10     | Killed Urug
 10508 | D:11     | Reached skill level 10 in Dodging
 10542 | D:11     | Noticed a two-headed ogre
 10561 | D:11     | Killed a two-headed ogre
 10561 | D:11     | Reached ****** piety under Okawaru
 10562 | D:11     | Reached XP level 12. HP: 58/76 MP: 17/17
 10574 | D:11     | Noticed Nergalle
 10748 | D:10     | Killed Nergalle
 10748 | D:10     | Received a gift from Okawaru
 10800 | D:11     | Noticed an ogre mage
 10800 | D:11     | Noticed a two-headed ogre
 10800 | D:11     | Noticed a two-headed ogre
 10800 | D:11     | Noticed a two-headed ogre
 10802 | D:11     | Noticed a two-headed ogre
 10804 | D:11     | Mangled by a two-headed ogre

Illustrated notes

Levels and vault maps discovered:
D:1:      dpeg_arrival_castle, layout_basic, minmay_hexomino_f4
D:2:      layout_basic, minmay_fountain_box, uniq_robin
D:3:      cheibrodos_old_hovel, layout_loops_ring,
          shapermc_ecumenical_altar_venn, uniq_grinder
D:4:      layout_basic, minmay_temple_entry_statues_fountains
D:5:      layout_layer_cave, good_gods_mini_temple,
          nicolae_ossuary_entry_false_entrances,
          amcnicky_mini_rare_corridor_liquid, kennysheep_generic_room_15
D:6:      layout_rooms
D:7:      layout_basic, serial_shops, shop
D:8:      layout_cave_pools, nicolae_overflow_crystal_walls,
          minmay_overflow_temple_star_quad, enter_bailey_3
D:9:      layout_rooms, chequers_decorated_corner
D:10:     cheibrodos_iron_armory, layout_basic, kennysheep_generic_room_7,
          uniq_urug
D:11:     layout_rooms, due_lair_maze_entry_diamond,
          gammafunk_ghost_wrathful_warriors, uniq_psyche, uniq_nergalle,
          uniq_grum
Temple:   eino_wide_crystal_templ

Skill      XL: |  1  2  3  4  5  6  7  8  9 10 11 12 |
---------------+-------------------------------------+-----
Ranged Weapons | 6 7 9 10 11 13 16 | 16.0
Invocations    | 2 3 4 5 7 |  7.3
Dodging        | 4 7 10 | 10.6
Fighting       | 4 7 9 |  9.7
Armour         | 2 3 |  3.0
Stealth        | |  1.3

Action                   |  1- 3 |  4- 6 |  7- 9 | 10-12 || total
-------------------------+-------+-------+-------+-------++-------
 Fire: Shortbow          |    65 |   151 |   309 |   384 ||   909
Invok: Heroism           |       |       |     1 |     4 ||     5
       Finesse           |       |       |       |     1 ||     1
  Use: Scroll            |     6 |       |    15 |     6 ||    27
       Potion            |       |       |       |     1 ||     1
Armor: Leather armour    |     3 |    28 |    63 |     3 ||    97
       Ring mail         |       |       |       |    45 ||    45
Dodge: Dodged            |    27 |    61 |   156 |   248 ||   492

Table legend: (Time is in decaauts)
 A = Elapsed time spent in this place.
 B = Non-inter-level travel time spent in this place.
 C = Inter-level travel time spent in this place.
 D = Time resting spent in this place.
 E = Time spent auto-exploring this place.
 F = Levels seen in this place.
 G = Mean time per level.
                   A        B        C        D        E       F      G
               +--------+--------+--------+--------+--------+-----+--------+
         Total |  10761 |  10377 |    384 |   1957 |   6770 |  14 |  768.6 |
       Dungeon |   9644 |   9276 |    368 |   1418 |   6446 |  11 |  876.7 |
        Temple |     80 |     64 |     16 |      0 |     51 |   1 |   80.0 |
       Ossuary |    459 |    459 |      0 |    218 |    152 |   1 |  459.0 |
        Bailey |    576 |    576 |      0 |    321 |    121 |   1 |  576.0 |
               +--------+--------+--------+--------+--------+-----+--------+

Top non-repeatable levels by time:
     D:2: 1416 daAuts
     D:4: 1147 daAuts
    D:10: 1088 daAuts
     D:8: 985 daAuts
     D:7: 964 daAuts
     D:5: 882 daAuts
     D:1: 829 daAuts
     D:3: 787 daAuts
     D:9: 708 daAuts
     D:6: 705 daAuts
  Bailey: 576 daAuts
 Ossuary: 459 daAuts
    D:11: 127 daAuts
  Temple: 80 daAuts
